General information
- name: BNet
- type: Ladder team game (AT/RT)
- host: Battle.net
- saver: BEAR_AND
map: Mur'gulOasis
- players: 8
- length: 43:11
- speed: Fast
- version: 1.21 W3XP
- replay type:

» download(326 KB)
Players
team 1 (winner)
BEAR_AND (
blue | 80 APM | 3463 actions | 43:11)
6 Warden
3 Shadow Strike
3 Blink
» actions
| Assign group hotkey | 11 | |
| Basic commands | 1 | |
| Build / train | 73 | |
| Enter build submenu | 17 | |
| Enter hero's abilities submenu | 6 | |
| Give item / drop item | 5 | |
| Right click | 2050 | |
| Select / deselect | 309 | |
| Select group hotkey | 832 | |
| Use ability | 156 | |
3463 total
» units
» upgrades
| Nature's Blessing | 1 | |
| Ultravision | 1 | |
| Strength of the Wild | 3 | |
| Reinforced Hides | 3 | |
| Abolish Magic | 1 | |
| Well Spring | 1 | |
| Corrosive Breath | 1 | |
11 total
» buildings
| Altar of Elders | 2 | |
| Moon Well | 4 | |
| Tree of Ages | 1 | |
| Ancient of Wonders | 1 | |
| Hunter's Hall | 1 | |
| Tree of Eternity | 1 | |
| Ancient of Lore | 1 | |
| Ancient of Wind | 1 | |
| Chimaera Roost | 3 | |
| Tree of Life | 1 | |
16 total
» build order
00:06 Altar of Elders
00:09 Moon Well
00:54 Moon Well
04:09 Moon Well
04:10 Moon Well
04:19 Tree of Ages
04:21 Ancient of Wonders
06:23 Hunter's Hall
08:23 Tree of Eternity
09:48 Ancient of Lore
16:09 Ancient of Wind
17:17 Chimaera Roost
17:18 Chimaera Roost
24:29 Altar of Elders
27:03 Tree of Life
37:00 Chimaera Roost
» items
| Dust of Appearance | 1 | |
| Lesser Clarity Potion | 7 | |
| Boots of Speed | 1 | |
| Staff of Teleportation | 1 | |
| Healing Salve | 6 | |
| Orb of Venom | 1 | |
| Scroll of Town Portal | 2 | |
| Staff of Preservation | 1 | |
| Scroll of Regeneration | 1 | |
21 total
DIRTMCGIRT (
teal | 49 APM | 2110 actions | 43:11)
8 Far Seer
3 Feral Spirit
3 Chain Lighting
1 Earth Quake
1 Far Sight
» actions
| Assign group hotkey | 11 | |
| Build / train | 63 | |
| Enter build submenu | 49 | |
| Enter hero's abilities submenu | 8 | |
| Give item / drop item | 2 | |
| Remove unit from queue | 1 | |
| Right click | 1193 | |
| Select / deselect | 587 | |
| Select group hotkey | 62 | |
| Use ability | 134 | |
2110 total
» units
| Peon | 15 | |
| Raider | 5 | |
| Troll Batrider | 12 | |
| Demolisher | 1 | |
33 total
» upgrades
| Spiked Barricades | 1 | |
| Ranged Weapons | 2 | |
| Ensnare | 1 | |
| Pillage | 1 | |
| Melee Weapons | 1 | |
| Reinforced Defenses | 1 | |
| Burning Oil | 1 | |
| Berserker Upgrade | 1 | |
| Armor | 1 | |
10 total
» buildings
| Altar of Storms | 1 | |
| War Mill | 1 | |
| Orc Burrow | 5 | |
| Watch Tower | 34 | |
| Stronghold | 1 | |
| Voodoo Lounge | 1 | |
| Fortress | 1 | |
| Beastiary | 2 | |
| Barracks | 2 | |
48 total
» build order
00:10 Altar of Storms
00:17 War Mill
00:35 Orc Burrow
01:43 Watch Tower
02:09 Watch Tower
02:54 Watch Tower
03:07 Watch Tower
03:35 Watch Tower
04:09 Watch Tower
04:12 Watch Tower
04:14 Stronghold
04:39 Orc Burrow
04:45 Watch Tower
05:33 Watch Tower
06:00 Watch Tower
06:30 Watch Tower
06:35 Watch Tower
06:48 Voodoo Lounge
07:08 Watch Tower
07:47 Watch Tower
08:05 Watch Tower
08:15 Watch Tower
08:18 Watch Tower
09:25 Watch Tower
09:30 Watch Tower
09:34 Fortress
10:00 Watch Tower
10:07 Watch Tower
10:20 Watch Tower
10:41 Watch Tower
10:45 Watch Tower
11:00 Watch Tower
12:03 Beastiary
12:44 Beastiary
12:50 Watch Tower
12:55 Watch Tower
13:01 Watch Tower
13:19 Watch Tower
15:46 Orc Burrow
15:50 Orc Burrow
16:27 Orc Burrow
16:42 Watch Tower
20:07 Barracks
20:20 Barracks
22:43 Watch Tower
22:53 Watch Tower
25:11 Watch Tower
25:15 Watch Tower
» items
| Healing Salve | 2 | |
| Orb of Lightning | 1 | |
| Potion of Healing | 1 | |
| Potion of Mana | 1 | |
| Scroll of Town Portal | 1 | |
| Dust of Appearance | 1 | |
| Staff of Teleportation | 1 | |
8 total

»
dirtmcwordup (
orange | 67 APM | 2906 actions | 43:11)
6 Pit Lord
3 Rain of Fire
2 Howl of Terror
1 Doom
» actions
| Assign group hotkey | 8 | |
| Basic commands | 40 | |
| Build / train | 97 | |
| ESC pressed | 1 | |
| Enter build submenu | 90 | |
| Enter hero's abilities submenu | 7 | |
| Give item / drop item | 6 | |
| Right click | 1250 | |
| Select / deselect | 304 | |
| Select group hotkey | 512 | |
| Use ability | 590 | |
2906 total
» units
» upgrades
| Masonry | 3 | |
| Magic Sentry | 1 | |
| Lumber Harvesting | 2 | |
| Animal War Training | 1 | |
| Armor | 1 | |
| Swords | 1 | |
9 total
» buildings
| Altar of Kings | 1 | |
| Lumber Mill | 3 | |
| Farm | 7 | |
| Scout Tower | 360 | |
| Arcane Tower | 3 | |
| Guard Tower | 46 | |
| Keep | 2 | |
| Arcane Sanctum | 1 | |
| Gryphon Aviary | 2 | |
| Castle | 1 | |
| Blacksmith | 1 | |
| Barracks | 1 | |
| Town Hall | 75 | |
| Arcane Vault | 4 | |
507 total
» build order
00:07 Altar of Kings
00:22 Lumber Mill
00:24 Farm
00:42 Scout Tower
01:16 Arcane Tower
01:26 Scout Tower
01:57 Guard Tower
01:59 Scout Tower
02:28 Guard Tower
02:30 Scout Tower
02:34 Scout Tower
02:37 Farm
02:58 Scout Tower
03:00 Scout Tower
03:01 Scout Tower
03:02 Scout Tower
03:35 Guard Tower
04:03 Guard Tower
04:05 Scout Tower
04:07 Scout Tower
04:09 Scout Tower
04:11 Scout Tower
04:12 Guard Tower
05:05 Guard Tower
05:08 Scout Tower
05:08 Scout Tower
05:48 Scout Tower
05:49 Scout Tower
05:50 Guard Tower
06:01 Scout Tower
06:03 Scout Tower
06:28 Scout Tower
06:31 Scout Tower
06:33 Scout Tower
06:34 Scout Tower
06:36 Scout Tower
06:40 Scout Tower
06:42 Scout Tower
06:46 Guard Tower
06:49 Keep
06:49 Keep
07:04 Scout Tower
07:06 Scout Tower
07:10 Scout Tower
07:12 Scout Tower
07:13 Scout Tower
07:15 Scout Tower
07:18 Scout Tower
07:20 Scout Tower
07:26 Guard Tower
07:43 Guard Tower
07:55 Guard Tower
08:58 Scout Tower
08:59 Scout Tower
09:00 Scout Tower
09:01 Scout Tower
09:02 Scout Tower
09:13 Scout Tower
09:14 Scout Tower
09:14 Scout Tower
09:18 Scout Tower
09:18 Scout Tower
09:19 Scout Tower
09:20 Scout Tower
09:21 Scout Tower
09:24 Scout Tower
09:25 Scout Tower
09:27 Scout Tower
09:27 Scout Tower
09:31 Scout Tower
09:38 Guard Tower
09:55 Guard Tower
09:57 Arcane Sanctum
10:15 Guard Tower
10:48 Scout Tower
10:49 Scout Tower
10:49 Scout Tower
10:55 Scout Tower
10:58 Scout Tower
11:21 Guard Tower
11:25 Guard Tower
11:31 Guard Tower
11:35 Arcane Tower
11:36 Scout Tower
11:37 Scout Tower
11:47 Scout Tower
11:48 Scout Tower
11:49 Scout Tower
11:52 Arcane Tower
12:29 Guard Tower
12:32 Guard Tower
12:33 Scout Tower
12:42 Scout Tower
12:43 Scout Tower
12:44 Scout Tower
12:45 Scout Tower
12:46 Scout Tower
12:47 Scout Tower
12:48 Scout Tower
12:50 Scout Tower
12:51 Scout Tower
12:52 Scout Tower
12:53 Scout Tower
12:54 Scout Tower
12:56 Scout Tower
12:58 Scout Tower
13:01 Scout Tower
13:02 Scout Tower
13:08 Guard Tower
13:20 Guard Tower
13:57 Guard Tower
14:01 Scout Tower
14:05 Guard Tower
14:07 Farm
14:08 Farm
14:29 Guard Tower
14:31 Guard Tower
14:42 Guard Tower
14:49 Guard Tower
14:50 Guard Tower
15:09 Guard Tower
15:17 Lumber Mill
15:20 Guard Tower
15:20 Guard Tower
15:50 Guard Tower
16:54 Guard Tower
17:53 Gryphon Aviary
17:57 Farm
18:33 Scout Tower
18:34 Scout Tower
18:35 Scout Tower
18:36 Scout Tower
18:37 Scout Tower
18:37 Scout Tower
18:38 Scout Tower
18:52 Castle
18:55 Gryphon Aviary
18:57 Blacksmith
19:00 Barracks
19:07 Guard Tower
19:10 Scout Tower
19:11 Scout Tower
19:12 Scout Tower
19:13 Scout Tower
19:14 Scout Tower
19:15 Scout Tower
19:45 Guard Tower
19:58 Guard Tower
20:20 Guard Tower
20:24 Lumber Mill
20:26 Guard Tower
20:58 Guard Tower
23:28 Town Hall
24:39 Scout Tower
24:40 Scout Tower
24:40 Scout Tower
24:41 Scout Tower
24:42 Scout Tower
24:43 Scout Tower
24:43 Scout Tower
24:44 Scout Tower
24:44 Scout Tower
24:45 Scout Tower
24:45 Scout Tower
24:46 Scout Tower
24:46 Scout Tower
25:17 Arcane Vault
25:27 Arcane Vault
25:35 Guard Tower
26:40 Guard Tower
27:00 Guard Tower
27:14 Guard Tower
27:27 Guard Tower
28:52 Guard Tower
29:02 Farm
29:03 Farm
32:01 Scout Tower
32:02 Scout Tower
32:03 Scout Tower
32:04 Scout Tower
32:05 Scout Tower
32:14 Scout Tower
32:16 Guard Tower
37:16 Arcane Vault
37:18 Arcane Vault
37:21 Scout Tower
37:21 Scout Tower
37:21 Scout Tower
37:23 Scout Tower
37:23 Scout Tower
37:23 Scout Tower
41:04 Scout Tower
41:06 Scout Tower
41:06 Scout Tower
41:08 Scout Tower
41:09 Scout Tower
41:09 Scout Tower
41:12 Scout Tower
41:12 Scout Tower
41:13 Scout Tower
41:15 Scout Tower
41:15 Scout Tower
41:16 Scout Tower
41:17 Scout Tower
41:17 Scout Tower
41:17 Scout Tower
41:18 Scout Tower
41:18 Scout Tower
41:18 Scout Tower
41:18 Scout Tower
41:19 Scout Tower
41:19 Scout Tower
41:19 Scout Tower
41:19 Scout Tower
41:20 Scout Tower
41:20 Scout Tower
41:20 Scout Tower
41:21 Scout Tower
41:21 Scout Tower
41:21 Scout Tower
41:21 Scout Tower
41:22 Scout Tower
41:23 Scout Tower
41:23 Scout Tower
41:23 Scout Tower
41:23 Scout Tower
41:24 Scout Tower
41:24 Scout Tower
41:24 Scout Tower
41:24 Scout Tower
41:25 Scout Tower
41:25 Scout Tower
41:25 Scout Tower
41:25 Scout Tower
41:26 Scout Tower
41:26 Scout Tower
41:26 Scout Tower
41:26 Scout Tower
41:27 Scout Tower
41:27 Scout Tower
41:27 Scout Tower
41:27 Scout Tower
41:28 Scout Tower
41:28 Scout Tower
41:33 Scout Tower
41:33 Scout Tower
41:33 Scout Tower
41:34 Scout Tower
41:35 Scout Tower
41:35 Scout Tower
41:35 Scout Tower
41:36 Scout Tower
41:37 Scout Tower
41:37 Scout Tower
41:37 Scout Tower
41:37 Scout Tower
41:38 Scout Tower
41:38 Scout Tower
41:38 Scout Tower
41:39 Scout Tower
41:39 Scout Tower
41:39 Scout Tower
41:39 Scout Tower
41:40 Scout Tower
41:40 Scout Tower
41:40 Scout Tower
41:40 Scout Tower
41:41 Scout Tower
41:41 Scout Tower
41:41 Scout Tower
41:42 Scout Tower
41:42 Scout Tower
41:42 Scout Tower
41:42 Scout Tower
41:43 Scout Tower
41:43 Scout Tower
41:43 Scout Tower
41:44 Scout Tower
41:44 Scout Tower
41:44 Scout Tower
41:45 Scout Tower
41:45 Scout Tower
41:45 Scout Tower
41:45 Scout Tower
41:46 Scout Tower
41:46 Scout Tower
41:46 Scout Tower
41:47 Scout Tower
41:47 Scout Tower
41:47 Scout Tower
41:47 Scout Tower
41:48 Scout Tower
41:48 Scout Tower
41:48 Scout Tower
41:48 Scout Tower
41:49 Scout Tower
41:49 Scout Tower
41:49 Scout Tower
41:49 Scout Tower
41:50 Scout Tower
41:50 Scout Tower
41:51 Scout Tower
41:51 Scout Tower
41:51 Scout Tower
41:52 Scout Tower
41:52 Scout Tower
41:53 Scout Tower
41:53 Scout Tower
41:53 Scout Tower
41:54 Scout Tower
41:54 Scout Tower
41:54 Scout Tower
41:55 Scout Tower
41:55 Scout Tower
41:55 Scout Tower
41:56 Scout Tower
41:56 Scout Tower
41:56 Scout Tower
41:57 Scout Tower
41:57 Scout Tower
41:57 Scout Tower
41:58 Scout Tower
41:58 Scout Tower
41:58 Scout Tower
41:59 Scout Tower
41:59 Scout Tower
42:07 Scout Tower
42:07 Scout Tower
42:07 Scout Tower
42:08 Scout Tower
42:08 Scout Tower
42:08 Scout Tower
42:08 Scout Tower
42:09 Scout Tower
42:09 Scout Tower
42:09 Scout Tower
42:10 Scout Tower
42:10 Scout Tower
42:10 Scout Tower
42:10 Scout Tower
42:11 Scout Tower
42:11 Scout Tower
42:11 Scout Tower
42:11 Scout Tower
42:12 Scout Tower
42:12 Scout Tower
42:12 Scout Tower
42:13 Scout Tower
42:13 Scout Tower
42:13 Scout Tower
42:13 Scout Tower
42:14 Scout Tower
42:14 Scout Tower
42:14 Scout Tower
42:15 Scout Tower
42:15 Scout Tower
42:15 Scout Tower
42:15 Scout Tower
42:16 Scout Tower
42:16 Scout Tower
42:16 Scout Tower
42:17 Scout Tower
42:17 Scout Tower
42:18 Scout Tower
42:18 Scout Tower
42:18 Scout Tower
42:18 Scout Tower
42:19 Scout Tower
42:19 Scout Tower
42:19 Scout Tower
42:20 Scout Tower
42:20 Scout Tower
42:20 Scout Tower
42:21 Scout Tower
42:21 Scout Tower
42:21 Scout Tower
42:21 Scout Tower
42:22 Scout Tower
42:22 Scout Tower
42:24 Town Hall
42:24 Town Hall
42:25 Town Hall
42:25 Town Hall
42:25 Town Hall
42:25 Town Hall
42:26 Town Hall
42:26 Town Hall
42:26 Town Hall
42:26 Town Hall
42:27 Town Hall
42:27 Town Hall
42:27 Town Hall
42:28 Town Hall
42:28 Town Hall
42:28 Town Hall
42:28 Town Hall
42:29 Town Hall
42:29 Town Hall
42:29 Town Hall
42:29 Town Hall
42:30 Town Hall
42:30 Town Hall
42:30 Town Hall
42:31 Town Hall
42:31 Town Hall
42:31 Town Hall
42:32 Town Hall
42:32 Town Hall
42:32 Town Hall
42:32 Town Hall
42:33 Town Hall
42:33 Town Hall
42:33 Town Hall
42:33 Town Hall
42:34 Town Hall
42:34 Town Hall
42:34 Town Hall
42:34 Town Hall
42:35 Town Hall
42:35 Town Hall
42:35 Town Hall
42:36 Town Hall
42:36 Town Hall
42:36 Town Hall
42:36 Town Hall
42:37 Town Hall
42:37 Town Hall
42:37 Town Hall
42:37 Town Hall
42:38 Town Hall
42:38 Town Hall
42:38 Town Hall
42:38 Town Hall
42:39 Town Hall
42:39 Town Hall
42:39 Town Hall
42:39 Town Hall
42:40 Town Hall
42:40 Town Hall
42:40 Town Hall
42:40 Town Hall
42:41 Town Hall
» items
| Staff of Teleportation | 1 | |
| Boots of Speed | 1 | |
| Healing Salve | 2 | |
| Orb of Lightning | 1 | |
| Scroll of Town Portal | 2 | |
| Potion of Healing | 3 | |
10 total
mata. (
pink | 129 APM | 5591 actions | 43:11)
8 Blademaster
3 Wind Walk
3 Critical Strike
1 Bladestorm
1 Mirror Image
» actions
| Assign group hotkey | 782 | |
| Basic commands | 9 | |
| Build / train | 90 | |
| ESC pressed | 7 | |
| Enter build submenu | 124 | |
| Enter hero's abilities submenu | 8 | |
| Give item / drop item | 4 | |
| Remove unit from queue | 3 | |
| Right click | 3398 | |
| Select / deselect | 591 | |
| Select group hotkey | 57 | |
| Use ability | 518 | |
5591 total
» units
» upgrades
| Spiked Barricades | 2 | |
| Liquid Fire | 1 | |
| Reinforced Defenses | 1 | |
4 total
» buildings
| Altar of Storms | 1 | |
| Orc Burrow | 4 | |
| War Mill | 2 | |
| Watch Tower | 98 | |
| Voodoo Lounge | 3 | |
| Stronghold | 2 | |
| Fortress | 2 | |
| Beastiary | 2 | |
| Great Hall | 3 | |
117 total
» build order
00:07 Altar of Storms
00:20 Orc Burrow
00:53 War Mill
02:05 Watch Tower
02:09 Watch Tower
02:45 Watch Tower
02:48 Watch Tower
03:16 Watch Tower
03:55 Orc Burrow
04:04 Watch Tower
04:07 Watch Tower
04:33 Watch Tower
04:59 Voodoo Lounge
05:34 Watch Tower
05:35 Watch Tower
05:55 Watch Tower
06:27 Stronghold
07:00 Watch Tower
07:00 Watch Tower
07:06 War Mill
07:19 Watch Tower
07:20 Watch Tower
08:05 Watch Tower
08:05 Watch Tower
08:33 Watch Tower
08:35 Watch Tower
09:57 Watch Tower
10:10 Fortress
10:10 Fortress
10:12 Beastiary
10:12 Beastiary
10:40 Watch Tower
10:41 Watch Tower
10:41 Watch Tower
10:42 Watch Tower
10:42 Watch Tower
10:43 Watch Tower
10:44 Watch Tower
10:46 Watch Tower
10:50 Watch Tower
10:51 Watch Tower
10:52 Watch Tower
14:22 Watch Tower
14:23 Watch Tower
14:24 Watch Tower
14:25 Watch Tower
14:28 Watch Tower
14:30 Watch Tower
16:09 Watch Tower
16:13 Watch Tower
16:26 Watch Tower
16:27 Watch Tower
16:27 Watch Tower
16:46 Watch Tower
17:41 Watch Tower
18:03 Watch Tower
18:03 Watch Tower
18:09 Watch Tower
18:20 Watch Tower
18:20 Watch Tower
18:20 Watch Tower
18:21 Watch Tower
18:23 Watch Tower
21:01 Orc Burrow
22:13 Great Hall
23:29 Watch Tower
23:29 Watch Tower
24:27 Watch Tower
24:27 Watch Tower
24:27 Watch Tower
24:29 Watch Tower
26:28 Voodoo Lounge
26:36 Watch Tower
26:39 Watch Tower
27:23 Watch Tower
27:23 Watch Tower
27:23 Watch Tower
27:25 Watch Tower
27:26 Watch Tower
27:26 Watch Tower
27:33 Watch Tower
27:35 Watch Tower
27:39 Watch Tower
28:38 Watch Tower
28:38 Watch Tower
28:39 Watch Tower
28:39 Watch Tower
28:40 Watch Tower
29:18 Watch Tower
30:03 Watch Tower
30:19 Voodoo Lounge
30:49 Watch Tower
30:51 Watch Tower
30:52 Watch Tower
30:53 Watch Tower
30:57 Great Hall
31:00 Watch Tower
32:21 Watch Tower
32:22 Watch Tower
32:23 Watch Tower
32:23 Watch Tower
32:34 Watch Tower
32:59 Watch Tower
32:59 Watch Tower
33:00 Watch Tower
33:39 Watch Tower
33:39 Watch Tower
33:41 Watch Tower
34:36 Great Hall
35:55 Watch Tower
35:56 Watch Tower
35:58 Watch Tower
35:59 Watch Tower
35:59 Watch Tower
» items
| Healing Salve | 8 | |
| Boots of Speed | 1 | |
| Potion of Healing | 7 | |
| Orb of Lightning | 1 | |
| Potion of Mana | 3 | |
| Potion of Lesser Invulnerability | 2 | |
| Staff of Teleportation | 1 | |
| Lesser Clarity Potion | 7 | |
| Scroll of Regeneration | 2 | |
32 total
team 2 (loser)
GapInTheTooth (
purple | 47 APM | 2025 actions | 43:10)
5 Beastmaster
2 Summon Bear
3 Summon Hawk
» actions
| Assign group hotkey | 21 | |
| Basic commands | 74 | |
| Build / train | 78 | |
| ESC pressed | 6 | |
| Enter build submenu | 36 | |
| Enter hero's abilities submenu | 6 | |
| Right click | 952 | |
| Select / deselect | 706 | |
| Select group hotkey | 47 | |
| Use ability | 98 | |
2025 total
» units
| Peasant | 12 | |
| Footman | 6 | |
| Siege Engine | 11 | |
| Mortar Team | 1 | |
| Priest | 5 | |
35 total
» upgrades
| Masonry | 3 | |
| Defend | 1 | |
| Lumber Harvesting | 2 | |
| Magic Sentry | 1 | |
| Barrage | 1 | |
| Flare | 1 | |
| Priest Training | 2 | |
| Gunpowder | 3 | |
| Sorceress Training | 1 | |
15 total
» buildings
| Altar of Kings | 1 | |
| Lumber Mill | 1 | |
| Farm | 11 | |
| Scout Tower | 15 | |
| Guard Tower | 8 | |
| Arcane Tower | 1 | |
| Barracks | 1 | |
| Keep | 1 | |
| Blacksmith | 1 | |
| Arcane Vault | 1 | |
| Castle | 1 | |
| Workshop | 2 | |
| Arcane Sanctum | 1 | |
45 total
» build order
00:08 Altar of Kings
00:17 Lumber Mill
00:28 Farm
02:03 Scout Tower
02:09 Scout Tower
02:44 Guard Tower
02:46 Arcane Tower
02:48 Scout Tower
02:54 Farm
03:04 Scout Tower
03:10 Scout Tower
03:17 Guard Tower
03:20 Farm
03:35 Scout Tower
04:18 Guard Tower
04:23 Barracks
05:16 Keep
06:37 Blacksmith
06:56 Scout Tower
07:46 Arcane Vault
07:50 Castle
08:05 Workshop
08:48 Scout Tower
08:51 Scout Tower
09:06 Arcane Sanctum
09:23 Farm
09:27 Farm
09:30 Farm
09:32 Guard Tower
09:33 Guard Tower
09:36 Farm
10:23 Farm
10:33 Farm
10:50 Farm
11:18 Scout Tower
11:33 Scout Tower
11:38 Scout Tower
11:54 Scout Tower
12:41 Guard Tower
15:34 Workshop
16:58 Farm
17:46 Scout Tower
19:31 Guard Tower
19:35 Scout Tower
22:58 Guard Tower
» items
| Scroll of Regeneration | 1 | |
| Mechanical Critter | 1 | |
| Scroll of Town Portal | 1 | |
| Potion of Lesser Invulnerability | 3 | |
| Staff of Teleportation | 1 | |
| Periapt of Vitality | 1 | |
| Boots of Speed | 2 | |
| Potion of Healing | 1 | |
11 total
l33tb4c0n (
red | 35 APM | 1159 actions | 33:34)
6 Blademaster
2 Wind Walk
3 Critical Strike
1 Bladestorm
» actions
| Assign group hotkey | 10 | |
| Basic commands | 32 | |
| Build / train | 36 | |
| Enter build submenu | 36 | |
| Enter hero's abilities submenu | 6 | |
| Right click | 685 | |
| Select / deselect | 266 | |
| Select group hotkey | 24 | |
| Use ability | 64 | |
1159 total
» units
| Peon | 7 | |
| Grunt | 6 | |
| Troll Headhunter/Berserker | 2 | |
| Demolisher | 5 | |
20 total
» upgrades
| Burning Oil | 1 | |
| Spiked Barricades | 1 | |
| Ranged Weapons | 2 | |
4 total
» buildings
| Altar of Storms | 1 | |
| Orc Burrow | 4 | |
| War Mill | 1 | |
| Barracks | 2 | |
| Stronghold | 1 | |
| Watch Tower | 25 | |
| Fortress | 1 | |
| Voodoo Lounge | 1 | |
36 total
» build order
00:17 Altar of Storms
00:22 Orc Burrow
00:58 War Mill
01:36 Barracks
02:11 Orc Burrow
02:57 Barracks
05:00 Orc Burrow
05:06 Orc Burrow
06:24 Stronghold
08:44 Watch Tower
08:50 Watch Tower
08:53 Watch Tower
09:02 Watch Tower
09:08 Watch Tower
09:13 Watch Tower
09:16 Watch Tower
10:22 Watch Tower
11:54 Watch Tower
12:53 Fortress
13:04 Watch Tower
13:07 Watch Tower
14:17 Watch Tower
14:20 Watch Tower
15:47 Voodoo Lounge
15:51 Watch Tower
15:53 Watch Tower
19:35 Watch Tower
19:37 Watch Tower
19:43 Watch Tower
20:43 Watch Tower
25:15 Watch Tower
25:18 Watch Tower
26:01 Watch Tower
26:03 Watch Tower
26:09 Watch Tower
26:12 Watch Tower
» items
| Circlet of Nobility | 1 | |
| Boots of Speed | 1 | |
| Orb of Lightning | 1 | |
3 total
royceroyce2001 (
green | 60 APM | 2013 actions | 33:29)
3 Archmage
2 Blizzard
1 Brilliance Aura
2 Mountain King
1 Storm Bolt
1 Thunder Clap
» actions
| Assign group hotkey | 93 | |
| Basic commands | 58 | |
| Build / train | 70 | |
| ESC pressed | 5 | |
| Enter build submenu | 29 | |
| Enter hero's abilities submenu | 5 | |
| Give item / drop item | 6 | |
| Remove unit from queue | 1 | |
| Right click | 1118 | |
| Select / deselect | 362 | |
| Select group hotkey | 152 | |
| Use ability | 114 | |
2013 total
» units
| Peasant | 12 | |
| Footman | 7 | |
| Gryphon Rider | 7 | |
| Sorceress | 3 | |
| Mortar Team | 4 | |
33 total
» upgrades
| Masonry | 2 | |
| Lumber Harvesting | 2 | |
| Defend | 1 | |
| Magic Sentry | 1 | |
| Storm Hammers | 1 | |
| Fragmentation Shards | 1 | |
| Flare | 1 | |
| Sorceress Training | 1 | |
10 total
» buildings
| Altar of Kings | 1 | |
| Farm | 12 | |
| Scout Tower | 10 | |
| Barracks | 1 | |
| Lumber Mill | 1 | |
| Arcane Tower | 3 | |
| Guard Tower | 7 | |
| Keep | 1 | |
| Castle | 1 | |
| Arcane Sanctum | 1 | |
| Blacksmith | 1 | |
| Arcane Vault | 1 | |
| Workshop | 3 | |
| Gryphon Aviary | 2 | |
45 total
» build order
00:07 Altar of Kings
00:12 Farm
00:29 Scout Tower
01:01 Barracks
01:19 Lumber Mill
02:01 Arcane Tower
02:14 Farm
02:23 Scout Tower
02:48 Farm
02:53 Scout Tower
02:54 Scout Tower
02:56 Guard Tower
03:37 Guard Tower
03:46 Guard Tower
03:57 Scout Tower
04:10 Keep
04:13 Scout Tower
04:38 Guard Tower
04:46 Farm
05:58 Guard Tower
06:27 Scout Tower
06:29 Scout Tower
06:32 Farm
06:35 Farm
06:49 Castle
07:03 Guard Tower
07:29 Guard Tower
08:54 Arcane Sanctum
09:28 Blacksmith
10:25 Arcane Vault
11:48 Workshop
11:50 Workshop
11:56 Gryphon Aviary
12:01 Gryphon Aviary
13:26 Scout Tower
13:39 Farm
13:40 Farm
13:53 Arcane Tower
15:11 Scout Tower
16:17 Arcane Tower
17:49 Farm
17:49 Farm
17:50 Farm
17:51 Farm
23:35 Workshop
» items
| Dust of Appearance | 1 | |
| Boots of Speed | 1 | |
| Healing Salve | 1 | |
| Scroll of Regeneration | 3 | |
| Scroll of Town Portal | 1 | |
7 total
Steelhound (
yellow | 50 APM | 1627 actions | 32:19)
4 Shadow Hunter
2 Serpent Ward
2 Healing Wave
» actions
| Assign group hotkey | 6 | |
| Basic commands | 75 | |
| Build / train | 51 | |
| ESC pressed | 4 | |
| Enter build submenu | 40 | |
| Enter hero's abilities submenu | 4 | |
| Right click | 697 | |
| Select / deselect | 583 | |
| Select group hotkey | 50 | |
| Use ability | 117 | |
1627 total
» units
| Peon | 11 | |
| Grunt | 4 | |
| Demolisher | 6 | |
| Tauren | 3 | |
| Wind Rider | 6 | |
| Troll Witch Doctor | 2 | |
32 total
» upgrades
| Burning Oil | 1 | |
| Ranged Weapons | 2 | |
| Armor | 1 | |
| Reinforced Defenses | 1 | |
| Envenomed Spears | 1 | |
6 total
» buildings
| Altar of Storms | 1 | |
| Orc Burrow | 7 | |
| Barracks | 2 | |
| Voodoo Lounge | 1 | |
| Stronghold | 1 | |
| War Mill | 1 | |
| Watch Tower | 15 | |
| Fortress | 1 | |
| Tauren Totem | 4 | |
| Beastiary | 3 | |
| Spirit Lodge | 1 | |
37 total
» build order
00:06 Altar of Storms
00:11 Orc Burrow
00:38 Barracks
01:33 Orc Burrow
02:20 Voodoo Lounge
04:26 Stronghold
05:29 War Mill
05:31 Orc Burrow
05:56 Orc Burrow
06:20 Barracks
07:09 Watch Tower
07:12 Watch Tower
07:15 Watch Tower
07:44 Watch Tower
09:22 Fortress
09:41 Watch Tower
09:45 Watch Tower
10:11 Watch Tower
13:53 Orc Burrow
13:55 Orc Burrow
16:01 Tauren Totem
16:55 Tauren Totem
17:43 Orc Burrow
19:03 Watch Tower
19:10 Watch Tower
20:32 Tauren Totem
20:33 Tauren Totem
20:36 Watch Tower
20:37 Watch Tower
22:32 Beastiary
24:07 Beastiary
24:58 Beastiary
27:03 Spirit Lodge
27:52 Watch Tower
27:54 Watch Tower
28:39 Watch Tower
28:40 Watch Tower
» items
| Healing Salve | 3 | |
| Lesser Clarity Potion | 1 | |
| Scroll of Town Portal | 1 | |
| Boots of Speed | 1 | |
6 total
Chat log
(00:04 / Allies) dirtmcwordup: chokes or mains
(00:09 / Allies) mata.: chokes fuck it
(00:12 / Allies) mata.: what are they gonna do
(00:14 / Allies) mata.: lets mountaineer?
(00:18 / All) mata.: man my friendslist went crazy
(00:19 / Allies) dirtmcwordup: we in prime position for chokes too
(00:20 / Allies) BEAR_AND: that's what we said on vent
(00:26 / Allies) BEAR_AND: choke it up
(00:29 / Allies) BEAR_AND: choke a bitch
(00:37 / Allies) dirtmcwordup: dmg
(00:42 / Allies) DIRTMCGIRT: k
(00:43 / All) mata.: like it flushed the whole at channel
(00:46 / All) mata.: just green txt
(00:47 / Allies) BEAR_AND: what do you think....warden
(00:48 / All) mata.: i was like o boy
(00:49 / Allies) DIRTMCGIRT: qIR QHWE?
(00:58 / Allies) DIRTMCGIRT: ?
(01:02 / Allies) BEAR_AND: let me know when lumber u need
(01:03 / Allies) dirtmcwordup: getting mk first becasue: mana well
(01:09 / Allies) dirtmcwordup: actually nope taver hero
(01:15 / Allies) mata.: taber hero
(01:23 / Allies) DIRTMCGIRT: QHWEW ODO I TOWER?
(01:29 / Allies) mata.: they can't mountaineer afaik
(01:39 / Allies) BEAR_AND: they couldn't even if they could
(01:40 / Allies) mata.: they heroes wont allowe it
(01:41 / Allies) DIRTMCGIRT: need lum
(01:43 / Allies) BEAR_AND: if you catch my drift....
(01:51 / Allies) mata.: haha owned
(01:53 / Allies) dirtmcwordup: biggest of noopies
(01:55 / Allies) mata.: don't cancel wtf wrong with you
(01:58 / Allies) DIRTMCGIRT: i did
(02:04 / Allies) dirtmcwordup: lmao
(02:05 / Allies) mata.: yes
(02:06 / Allies) mata.: dont
(02:09 / Allies) dirtmcwordup: they gonna rush bear and
(02:10 / Allies) dirtmcwordup: and you lose now
(02:20 / Allies) mata.: crazy
(02:22 / Allies) mata.: lets hangle that
(02:36 / Allies) mata.: these guys need helpe
(02:48 / Allies) dirtmcwordup: lmao
(02:50 / Allies) dirtmcwordup: noobs all aroudn.
(02:59 / Allies) mata.: i got royce he a dota player
(03:10 / Allies) dirtmcwordup: these guys cant push for shit
(03:33 / All) mata.: fuckin skinkblock
(03:37 / Allies) mata.: they towering bases
(03:44 / Allies) dirtmcwordup: scout all abse
(04:19 / Allies) mata.: wth.
(04:27 / All) mata.: you guys are using a very outdated towering model for this map
(04:28 / Allies) BEAR_AND: that is new guy
(04:29 / Allies) DIRTMCGIRT: mass demo and grunt prob
(04:49 / Allies) dirtmcwordup: mana in mid fyi
(04:54 / Allies) dirtmcwordup: can i get orc shop in mid too please
(05:00 / All) BEAR_AND: please read Towers, available at hte bookstore, by Goodmanner, And, Gastrok, and Payne
(05:15 / Allies) dirtmcwordup: is dmg's name payne
(05:16 / All) BEAR_AND: lol
(05:19 / Allies) BEAR_AND: no blinn
(05:22 / Allies) BEAR_AND: dirt did the cover art
(05:37 / Allies) dirtmcwordup: TREMBLE B4 ME
(05:47 / All) BEAR_AND: bam
(05:48 / Allies) DIRTMCGIRT: lol
(05:48 / Allies) mata.: from da defts i cum
(06:01 / Allies) mata.: i need some lumbre
(06:03 / All) l33tb4c0n: I THOUGHT WE WERE MEETING FOR A PUSH GUYS
(06:17 / Allies) mata.: how did you lose 5 worker
(06:22 / Allies) dirtmcwordup: lmfao
(06:23 / Allies) dirtmcwordup: LMFAO
(06:51 / Allies) DIRTMCGIRT: lumb pls
(06:56 / Allies) dirtmcwordup: me too
(07:21 / Allies) mata.: tower mains a ll
(07:23 / Allies) mata.: expecting bat
(07:38 / All) BEAR_AND: haha
(07:48 / Allies) mata.: rebuild your workers mcgirt
(07:55 / Allies) mata.: timg, share
(08:15 / Allies) mata.: it sounds like timeshare i love sayin dat
(08:46 / Allies) mata.: elder hydra is killable
(08:46 / Allies) dirtmcwordup: nice
(08:47 / Allies) BEAR_AND: lol
(08:52 / Allies) mata.: fine
(08:56 / Allies) mata.: try to get ancient one and die
(08:57 / Allies) BEAR_AND: wow
(09:12 / Allies) BEAR_AND: 3
(09:14 / Allies) BEAR_AND: lmao
(09:17 / Allies) mata.: see
(09:19 / Allies) mata.: it's back to full hp
(09:20 / Allies) BEAR_AND: keep towering dirr
(09:21 / Allies) BEAR_AND: t
(09:21 / Allies) mata.: lure to towers
(09:30 / Allies) mata.: timg
(09:31 / Allies) mata.: lure tot wors
(09:33 / Allies) mata.: before its full
(09:33 / Allies) dirtmcwordup: claiming as my own
(09:41 / Allies) dirtmcwordup: the less hp it has
(09:42 / Allies) dirtmcwordup: quicker it runs abck
(10:54 / Allies) mata.: reinforcing towers a little
(11:33 / All) mata.: wattup steezy
(11:35 / All) mata.: did they make you get siege
(12:10 / Allies) mata.: i got mana pendant
(12:14 / Allies) mata.: for warden or pl or something
(12:15 / Allies) dirtmcwordup: give please
(12:15 / Allies) DIRTMCGIRT: need lumb
(12:21 / Allies) dirtmcwordup: ty
(12:27 / Allies) dirtmcwordup: gotta chill in mid brb
(12:30 / Allies) DIRTMCGIRT: rthey makin tanks
(12:40 / Allies) DIRTMCGIRT: makin raiders
(12:44 / Allies) mata.: shure
(12:51 / All) mata.: are you attacking ground
(12:54 / All) mata.: that's like 25% damage
(13:07 / Allies) DIRTMCGIRT: should i get reinforced armor?
(13:09 / Allies) BEAR_AND: no
(13:12 / Allies) mata.: not yet
(14:46 / Allies) dirtmcwordup: mid is sealed
(14:51 / All) mata.: hold pos please
(15:29 / Allies) mata.: yo what are you dudes doin
(15:31 / Allies) mata.: dirt and bear
(15:34 / Allies) mata.: this side is going to break you know
(15:45 / Allies) BEAR_AND: grabben mana
(15:46 / Allies) dirtmcwordup: hope we got chim to expo
(15:50 / Allies) BEAR_AND: do you want that.
(15:53 / Allies) BEAR_AND: fine
(16:01 / Allies) dirtmcwordup: keep making tower please mata
(16:32 / Allies) mata.: clever
(16:34 / Allies) mata.: kill heroes if they go for this
(16:56 / Allies) mata.: watch siege
(16:59 / Allies) dirtmcwordup: why did you guys get noob uits
(17:06 / Allies) dirtmcwordup: raiders and dryad vs tower siege is bad idea.
(17:09 / Allies) DIRTMCGIRT: they were getting tanks
(17:18 / Allies) dirtmcwordup: who was
(17:23 / Allies) dirtmcwordup: they aint tier 3 and i dont see workshop
(17:30 / Allies) dirtmcwordup: or even bsmith
(17:47 / Allies) DIRTMCGIRT: u must be blind i guess :\
(18:14 / Allies) mata.: okay
(18:15 / Allies) mata.: gone
(19:30 / Allies) DIRTMCGIRT: what units should i get then
(19:33 / Allies) dirtmcwordup: bat
(19:40 / Allies) mata.: if you want to win
(19:40 / Allies) BEAR_AND: chim out
(19:42 / Allies) mata.: get siege
(19:48 / Allies) mata.: feel free to use
(20:36 / Allies) mata.: repair that shit
(20:38 / Allies) mata.: i'll do my best
(20:49 / Allies) dirtmcwordup: get forty ups
(20:51 / Allies) dirtmcwordup: god damn dirt
(20:54 / Allies) dirtmcwordup: spend cash or share
(20:59 / Allies) BEAR_AND: deal
(21:07 / Allies) BEAR_AND: ;et's expo
(21:14 / Allies) mata.: you're the one with chims
(21:18 / Allies) BEAR_AND: goen
(21:18 / Allies) mata.: this is almost open
(21:19 / Allies) dirtmcwordup: gold me dirt
(21:53 / Allies) dirtmcwordup: claws
(22:27 / Allies) dirtmcwordup: dirt gold me
(22:32 / All) GapInTheTooth: gg green nub
(22:36 / All) BEAR_AND: wahahahha
(22:46 / All) DIRTMCGIRT: manner up fag
(23:10 / Allies) dirtmcwordup: caddy p[ipe asweet
(23:16 / Allies) mata.: took the claws
(23:20 / Allies) mata.: someone take
(23:22 / Allies) dirtmcwordup: got
(23:42 / All) mata.: these creeps tougher than you think
(25:04 / Allies) mata.: freaking arcanez
(25:11 / Allies) dirtmcwordup: anybody want cloakj of flames
(25:16 / Allies) mata.: warden or blade
(25:19 / Allies) BEAR_AND: i got room
(25:28 / Allies) BEAR_AND: creepen
(25:30 / Allies) BEAR_AND: chim sent
(25:56 / Allies) mata.: warsongs
(25:58 / Allies) mata.: someone with units get those
(26:04 / Allies) mata.: trying to ftower it hink
(26:04 / Allies) BEAR_AND: jj
(26:05 / Allies) BEAR_AND: k
(26:06 / Allies) mata.: wait
(26:06 / Allies) mata.: wait
(26:07 / Allies) mata.: wait
(26:07 / Allies) mata.: wait
(26:31 / Allies) BEAR_AND: tower
(26:33 / Allies) BEAR_AND: mega tower team
(26:35 / Allies) BEAR_AND: who need gold/wood
(26:45 / Allies) dirtmcwordup: who is taking cloak
(26:48 / Allies) BEAR_AND: i will
(26:48 / Allies) mata.: i will
(26:53 / Allies) mata.: tay
(26:53 / Allies) BEAR_AND: ok mata
(26:57 / Allies) BEAR_AND: who has warsong drum
(27:07 / Allies) BEAR_AND: mAKE
(27:08 / Allies) dirtmcwordup: gold
(27:22 / Allies) dirtmcwordup: gold for tp please.
(27:50 / Allies) mata.: yo
(27:54 / Allies) mata.: kodos_forsaken
(27:56 / Allies) mata.: wants to 4s with me
(28:00 / Allies) BEAR_AND: hahahah no way
(28:02 / Allies) BEAR_AND: he want to backstab
(28:06 / Allies) mata.: really?
(28:18 / Allies) BEAR_AND: prob
(28:20 / Allies) BEAR_AND: he hates us
(28:30 / Allies) mata.: i told him mb because w/e
(28:54 / Allies) mata.: "k if you need a 4th wisper me"
(29:03 / Allies) BEAR_AND: that is "if u want bs wisper"
(29:09 / Allies) mata.: well mb i do
(29:10 / Allies) BEAR_AND: who has bats
(29:49 / All) BEAR_AND: is this like the counter to invismort
(30:09 / Allies) mata.: need some l umber
(30:10 / Allies) DIRTMCGIRT: level 6
(30:11 / Allies) mata.: to tower this
(30:11 / Allies) dirtmcwordup: orc shop in mid please
(30:21 / All) Steelhound: gonna go make some hot chocolate. bye
(30:27 / All) mata.: wow
(30:32 / All) mata.: i knew you'd get angry
(30:40 / All) mata.: "bye"
(30:42 / All) BEAR_AND: bye means you quit
(30:50 / All) Steelhound: no it means i quit. no one is angry
(31:19 / All) mata.: save rep
(31:21 / All) mata.: and we can both post
(31:23 / All) mata.: oh hi invisimort
(31:42 / Allies) mata.: haha buy a pot goddamn
(32:02 / Allies) mata.: guess we need wards
(32:07 / Allies) dirtmcwordup: nah
(32:24 / All) BEAR_AND: rest follow
(32:24 / All) BEAR_AND: ty
(32:27 / All) mata.: save rep
(32:32 / All) mata.: so we can compare and contrast
(32:33 / All) DIRTMCGIRT: Gg
(32:33 / All) mata.: team chat
(32:46 / Allies) mata.: also why are you trolling them
(32:53 / Allies) BEAR_AND: it's easy????
(33:03 / Allies) dirtmcwordup: apow
(33:10 / Allies) mata.: i'll b'storm that
(33:13 / Allies) mata.: will the tower still burn my mana
(33:19 / All) BEAR_AND: yes
(33:26 / All) royceroyce2001: well gg
(33:31 / All) BEAR_AND: bye
(33:31 / All) mata.: gg
(33:32 / All) BEAR_AND: 'bye'
(33:49 / Allies) mata.: idk
(33:55 / Allies) mata.: how i feel about you trolling them
(34:07 / Allies) BEAR_AND: you feel some shred of loyalty to 'goons'
(34:22 / Allies) mata.: no but i like clan towa and the bros
(34:24 / Allies) mata.: ?
(34:30 / Allies) mata.: maybe they dont find it so funny
(34:30 / Allies) BEAR_AND: w
(34:40 / Allies) BEAR_AND: the fac
(34:53 / Allies) DIRTMCGIRT: can i have some gold?
(34:55 / Allies) BEAR_AND: the fact they even playing is a sign of disrespect...
(36:03 / Allies) mata.: anyway bear i thought you wanted new players
(36:16 / Allies) BEAR_AND: i just played w/ 2 guys from that team
(36:19 / Allies) dirtmcwordup: yeah bear dis game,..........a little harsh for goons
(36:20 / Allies) BEAR_AND: i think shit talk is part of war3
(36:47 / Allies) dirtmcwordup: woops
(36:49 / Allies) BEAR_AND: theyr'e pulling 'moral victory attempt' by forcing us to kill building
(36:50 / Allies) dirtmcwordup: forgot to heal LOL
(37:01 / Allies) mata.: well that's cause you were griefing them i think
(37:51 / Allies) mata.: what are you even rofing
(37:55 / Allies) dirtmcwordup: burrows
(37:59 / Allies) mata.: do all 4
(38:02 / Allies) mata.: burrows dont do that much damage
(38:03 / Allies) dirtmcwordup: illdie
(38:43 / Allies) dirtmcwordup: rof does so much damage
(38:48 / Allies) dirtmcwordup: its like blizzard and flamestrike combined
(38:55 / Allies) mata.: even with pendant you only have like 4 casts though
(39:10 / Allies) dirtmcwordup: 6
(39:16 / Allies) mata.: still at level 6
(39:22 / Allies) DIRTMCGIRT: im almost level 8 LOL
(39:22 / Allies) mata.: dat not a whole lot
(39:23 / Allies) BEAR_AND: the guy who wrote fake patch list said blizz is now 95 mana
(39:25 / Allies) BEAR_AND: imagine that
(39:31 / Allies) mata.: i am lvel 8...
(39:34 / Allies) dirtmcwordup: how much is it now 80
(39:36 / Allies) BEAR_AND: 75
(39:37 / Allies) mata.: i dont think blizzard needs a nerf
(39:42 / Allies) mata.: i mean it's not that good in solo
(39:55 / Allies) BEAR_AND: that would be like rockstar taking music out of gta....
(39:56 / Allies) mata.: and it's not possible to balance team games
(40:02 / Allies) dirtmcwordup: aoe should be like siege
(40:08 / Allies) dirtmcwordup: closer you are to the middle more damage it would do
(40:18 / Allies) mata.: well its not like am would ever run otu fo mana
(40:23 / Allies) mata.: it was only gay back when it was uncapped damage
(40:52 / Allies) mata.: man
(40:53 / Allies) mata.: green has army
(40:54 / Allies) mata.: idling
(42:44 / Allies) mata.: wth
(42:49 / Allies) dirtmcwordup: this looka so weird
(42:54 / Allies) BEAR_AND: wow
(42:55 / Allies) mata.: crazy
(42:57 / Allies) BEAR_AND: haha
(43:04 / Allies) dirtmcwordup: i queued up like 100 town hall
(43:06 / Allies) mata.: not at all tarnsparent